[Event "Caplin Hastings Masters 2023-24"]
[Site "Hastings"]
[Date "2024.01.01"]
[Round "5.17"]
[White "Vasiliadis, Theodoros"]
[Black "Bozinakis, Pavlos"]
[Result "0-1"]
[ECO "A29"]
[WhiteElo "1845"]
[BlackElo "2274"]
[Annotator "RC"]
[PlyCount "82"]
[EventDate "2023.12.18"]
[EventType "swiss"]
[EventCountry "ENG"]
[SourceTitle "playchess.com"]
[Source "ChessBase"]
[SourceQuality "1"]
[TimeControl "40/6000+30:3000+30"]

1. c4 e5 2. Nc3 Nf6 3. Nf3 Nc6 4. g3 d5 5. cxd5 Nxd5 6. Bg2 Bc5 7. O-O O-O 8. d3 h6 9. Bd2 Be6 10. Rc1 Bb6 11. a3 Re8 12. Na4 Qd6 13. b4 Rad8 14. Nc5 Bc8 15. Qb3 Nd4 16. Nxd4 exd4 17. Bf3 c6 18. a4 Bxc5 19. Rxc5 Be6 20. Qb2 Nb6 21. Qa1 Nd7 22. Bf4 Qe7 23. Rc2 g5 24. Bd2 Ne5 25. Bg2 Bd5 26. b5 Bxg2 27. Kxg2 c5 28. Qb2 b6 29. Ra1 Qb7+ 30. Kg1 c4 31. Rxc4 Nxc4 32. dxc4 Rxe2 33. Re1 Qf3 34. Rxe2 Qxe2 35. Qc1 d3 36. Qc3 Re8 37. a5 Qf3 38. axb6 axb6 39. c5 Re2 40. Be1 Rc2 41. Qe5 Qe2 0-1

[Event "Caplin Hastings Masters 2023-24"]
[Site "Hastings"]
[Date "2024.01.01"]
[Round "5.18"]
[White "Beaumont, Chris R"]
[Black "Ahn, Sungmin"]
[Result "1-0"]
[ECO "A37"]
[WhiteElo "2236"]
[BlackElo "1836"]
[Annotator "RC"]
[PlyCount "147"]
[EventDate "2023.12.18"]
[EventType "swiss"]
[EventCountry "ENG"]
[SourceTitle "playchess.com"]
[Source "ChessBase"]
[SourceQuality "1"]
[TimeControl "40/6000+30:3000+30"]

1. Nf3 c5 2. c4 Nc6 3. g3 g6 4. Bg2 Bg7 5. Nc3 e5 6. O-O Nge7 7. a3 d6 8. Rb1 a5 9. d3 O-O 10. Bg5 f6 11. Be3 Be6 12. Ne1 b6 13. Nc2 d5 14. cxd5 Nxd5 15. Nxd5 Bxd5 16. Bxd5+ Qxd5 17. b4 axb4 18. axb4 Rfb8 19. bxc5 bxc5 20. Rxb8+ Nxb8 21. Bd2 e4 22. Ne3 Qe6 23. dxe4 Qxe4 24. Qb3+ Kh8 25. Bc3 Nc6 26. Qd5 Qxd5 27. Nxd5 Nd4 28. Bxd4 cxd4 29. Rb1 Rd8 30. Nf4 Re8 31. Kf1 f5 32. Rb7 Be5 33. Nd3 Rb8 34. Rf7 Bd6 35. h4 Rd8 36. Kg2 Kg8 37. Ra7 Bf8 38. Kf3 Rd5 39. Nf4 Rd6 40. Kg2 Bh6 41. Nd3 Bg7 42. Kf1 Kf8 43. Ke1 Re6 44. Rd7 Re7 45. Rd5 Ra7 46. f4 Ke7 47. Kf2 Bf6 48. Ne1 Ke6 49. Rb5 Bg7 50. Rb6+ Kd5 51. Kf3 Re7 52. Nd3 Re3+ 53. Kf2 Re7 54. Rb5+ Kc6 55. Ra5 Kd6 56. h5 Re6 57. Ra7 Re7 58. Ra6+ Kd5 59. hxg6 h6 60. Ra5+ Kd6 61. Rxf5 Re6 62. Ra5 Ke7 63. f5 Rf6 64. Ra7+ Kf8 65. g4 h5 66. Kg3 hxg4 67. Kxg4 Bh6 68. Nf4 Bxf4 69. Kxf4 Rc6 70. Rd7 Rc2 71. f6 Rxe2 72. Rd8+ Re8 73. g7+ Kf7 74. Rxe8 1-0

[Event "Caplin Hastings Masters 2023-24"]
[Site "Hastings"]
[Date "2024.01.01"]
[Round "5.19"]
[White "Pert, Max"]
[Black "Rudd, Jack"]
[Result "1-0"]
[ECO "A45"]
[WhiteElo "1950"]
[BlackElo "2314"]
[Annotator "RC"]
[PlyCount "51"]
[EventDate "2023.12.18"]
[EventType "swiss"]
[EventCountry "ENG"]
[SourceTitle "playchess.com"]
[Source "ChessBase"]
[SourceQuality "1"]
[TimeControl "40/6000+30:3000+30"]

1. d4 Nf6 2. Bg5 Ne4 3. Bf4 c5 4. f3 Qa5+ 5. c3 Nf6 6. d5 Qb6 7. e4 Qxb2 8. Nd2 Qxc3 9. Bc7 b6 10. Ne2 Qd3 11. Rb1 Na6 12. Rb3 Qxb3 13. Qxb3 Nxc7 14. Nc3 d6 15. f4 g6 16. e5 Nd7 17. Bb5 Nxb5 18. Nxb5 Kd8 19. exd6 exd6 20. Ne4 Bg7 21. Nbxd6 Kc7 22. Qb5 Nf6 23. Qc6+ Kb8 24. Nb5 Ne8 25. Ned6 Nxd6 26. Qc7# 1-0

[Event "Caplin Hastings Masters 2023-24"]
[Site "Hastings"]
[Date "2024.01.01"]
[Round "5.20"]
[White "Sarkar, Justin"]
[Black "Batchelor, Paul A"]
[Result "1-0"]
[ECO "A61"]
[WhiteElo "2272"]
[BlackElo "1937"]
[Annotator "RC"]
[PlyCount "129"]
[EventDate "2023.12.18"]
[EventType "swiss"]
[EventCountry "ENG"]
[SourceTitle "playchess.com"]
[Source "ChessBase"]
[SourceQuality "1"]
[TimeControl "40/6000+30:3000+30"]

1. d4 Nf6 2. c4 e6 3. Nf3 c5 4. d5 d6 5. Nc3 exd5 6. cxd5 g6 7. Nd2 a6 8. a4 Bg7 9. Nc4 O-O 10. Bf4 Ne8 11. Ne4 f5 12. Nexd6 g5 13. Nxc8 gxf4 14. N8b6 Nd6 15. a5 Nxc4 16. Nxc4 Nd7 17. Qd2 b5 18. axb6 Nxb6 19. Qxf4 Nxd5 20. Qd2 Nb4 21. Qxd8 Raxd8 22. Rc1 Rfe8 23. e3 f4 24. Be2 fxe3 25. fxe3 Bh6 26. Kf2 Rf8+ 27. Kg3 Nd5 28. Rcd1 Nxe3 29. Rxd8 Rxd8 30. Nxe3 Bxe3 31. Bxa6 Bd4 32. b3 Kg7 33. Re1 Rd7 34. Bc4 Bf6 35. Re2 Re7 36. Ra2 Bd4 37. Kh3 Re3+ 38. g3 Re7 39. Kg4 Re4+ 40. Kf5 Re5+ 41. Kf4 Re7 42. g4 h6 43. h4 Bf6 44. g5 hxg5+ 45. hxg5 Bd4 46. Ra8 Kh7 47. Ra6 Kg7 48. g6 Bc3 49. Bf7 Bd4 50. Ra8 Bc3 51. Rg8+ Kh6 52. Rd8 Kg7 53. Rd5 Rc7 54. Rh5 Bb2 55. Ke4 Bd4 56. b4 Kf8 57. Kd5 Ke7 58. b5 Rd7+ 59. Kc4 Rc7 60. Rh4 Rb7 61. Bd5 Rb6 62. Rh7+ Kf8 63. Rf7+ Ke8 64. Bc6+ Kd8 65. g7 1-0

[Event "Caplin Hastings Masters 2023-24"]
[Site "Hastings"]
[Date "2024.01.01"]
[Round "5.21"]
[White "Byron, Alan M"]
[Black "Suez-Panama, Gilles"]
[Result "0-1"]
[ECO "E62"]
[WhiteElo "2134"]
[BlackElo "1868"]
[Annotator "RC"]
[PlyCount "92"]
[EventDate "2023.12.18"]
[EventType "swiss"]
[EventCountry "ENG"]
[SourceTitle "playchess.com"]
[Source "ChessBase"]
[SourceQuality "1"]
[TimeControl "40/6000+30:3000+30"]

1. Nf3 Nf6 2. g3 d6 3. d4 g6 4. Bg2 Bg7 5. O-O O-O 6. c4 c6 7. Nc3 Qa5 8. d5 Bd7 9. Nd2 Rc8 10. e4 Ng4 11. Qb3 Na6 12. Nf3 Nc5 13. Qc2 cxd5 14. Nxd5 Qd8 15. Bg5 f6 16. Bd2 e6 17. Nc3 Na6 18. h3 Ne5 19. Nxe5 dxe5 20. Qd3 Nb4 21. Qe2 Nc2 22. Rac1 Nd4 23. Qd3 Bc6 24. Rfd1 Rc7 25. Be3 Rd7 26. Bxd4 exd4 27. Ne2 e5 28. Rc2 a5 29. Nc1 b6 30. Qe2 Qc7 31. Nd3 Bb7 32. h4 f5 33. h5 Qc6 34. Re1 Rf8 35. hxg6 hxg6 36. f3 fxe4 37. fxe4 Rdf7 38. Qg4 Bc8 39. Qg5 Qf6 40. Qxf6 Bxf6 41. Rf1 Bg5 42. Rxf7 Rxf7 43. Bf1 Be3+ 44. Kg2 Bb7 45. Be2 Bxe4+ 46. Kh3 Rh7+ 0-1

[Event "Caplin Hastings Masters 2023-24"]
[Site "Hastings"]
[Date "2024.01.01"]
[Round "5.22"]
[White "Banerjee, Supratit"]
[Black "Hobson, Kenneth"]
[Result "1/2-1/2"]
[ECO "C47"]
[WhiteElo "1974"]
[BlackElo "2130"]
[Annotator "RC"]
[PlyCount "193"]
[EventDate "2023.12.18"]
[EventType "swiss"]
[EventCountry "ENG"]
[SourceTitle "playchess.com"]
[Source "ChessBase"]
[SourceQuality "1"]
[TimeControl "40/6000+30:3000+30"]

1. e4 e5 2. Nf3 Nc6 3. d4 exd4 4. Nxd4 Nf6 5. Nc3 Bb4 6. Nxc6 bxc6 7. Bd3 O-O 8. O-O d5 9. exd5 cxd5 10. Bg5 c6 11. Qf3 Bd6 12. Bxf6 Qxf6 13. Qxf6 gxf6 14. Rad1 Rb8 15. b3 Re8 16. Ne2 Bg4 17. f3 Bd7 18. c4 Bc5+ 19. Kh1 Re5 20. Nc3 Bb4 21. Ne2 Rbe8 22. Ng3 d4 23. Ne4 Kg7 24. Ng3 Kg8 25. Ne4 R8e6 26. c5 f5 27. Ng5 Re7 28. f4 Re3 29. Bc4 Bxc5 30. Nf3 Be6 31. Bxe6 R7xe6 32. Nxd4 Bxd4 33. Rxd4 R6e4 34. Rd8+ Kg7 35. h3 Re2 36. Rd6 Rxa2 37. Rxc6 Ree2 38. Rg1 Re3 39. b4 Rb3 40. Rc4 h5 41. Rc5 Kg6 42. Rc6+ f6 43. Rd1 Rg3 44. Rdd6 Raxg2 45. Rxf6+ Kg7 46. h4 Rg1+ 47. Kh2 R3g2+ 48. Kh3 Rg4 49. Kh2 R1g2+ 50. Kh1 Rc2 51. Rg6+ Rxg6 52. Rxc2 Rg4 53. Rc7+ Kf6 54. Rc6+ Ke7 55. Rc7+ Kd6 56. Rxa7 Rxh4+ 57. Kg2 Rxf4 58. b5 Ke5 59. b6 Kf6 60. Ra8 Rb4 61. Rb8 Kg5 62. b7 Kf4 63. Kh3 Rb2 64. Rh8 Rxb7 65. Rxh5 Rg7 66. Kh2 Rb7 67. Rh3 Rb2+ 68. Kg1 Re2 69. Kf1 Re3 70. Rh2 Ke4 71. Ra2 Rb3 72. Kf2 Rb4 73. Ra3 Rb2+ 74. Kf1 Kf4 75. Ra4+ Kf3 76. Ra3+ Kg4 77. Ra4+ f4 78. Ra3 Rh2 79. Kg1 Rh5 80. Kf1 Rf5 81. Kf2 Rb5 82. Kg2 Rb1 83. Kf2 Rc1 84. Kg2 Rc2+ 85. Kf1 Rb2 86. Kg1 Kf5 87. Kf1 Ke4 88. Ra4+ Kf3 89. Ra3+ Kg4 90. Kg1 f3 91. Ra8 Re2 92. Rg8+ Kf4 93. Rf8+ Ke3 94. Re8+ Kd2 95. Rf8 f2+ 96. Rxf2 Rxf2 97. Kxf2 1/2-1/2

[Event "Caplin Hastings Masters 2023-24"]
[Site "Hastings"]
[Date "2024.01.01"]
[Round "5.23"]
[White "Southcott-Moyers, Indy"]
[Black "Teh, Wee Zhun"]
[Result "1/2-1/2"]
[ECO "D11"]
[WhiteElo "2123"]
[BlackElo "1858"]
[Annotator "RC"]
[PlyCount "148"]
[EventDate "2023.12.18"]
[EventType "swiss"]
[EventCountry "ENG"]
[SourceTitle "playchess.com"]
[Source "ChessBase"]
[SourceQuality "1"]
[TimeControl "40/6000+30:3000+30"]

1. d4 d5 2. c4 c6 3. e3 Nf6 4. Nf3 Bf5 5. Nc3 a6 6. a4 h6 7. Qb3 Ra7 8. a5 e6 9. Qb6 Qxb6 10. axb6 Ra8 11. c5 Nbd7 12. Nd2 Nxc5 13. dxc5 Bxc5 14. Na4 Bb4 15. Be2 O-O 16. O-O Nd7 17. Nb3 Bc2 18. Bd2 Bxd2 19. Nxd2 Bxa4 20. Rxa4 c5 21. Nb3 Nxb6 22. Ra3 c4 23. Nc5 Rab8 24. b4 Rfd8 25. f4 Nd7 26. Na4 Nf6 27. Nc3 d4 28. exd4 Rxd4 29. b5 Nd5 30. g3 Nxc3 31. Rxc3 axb5 32. Rb1 e5 33. Rxb5 exf4 34. Rxc4 Rxc4 35. Bxc4 fxg3 36. hxg3 b6 37. Rd5 Rc8 38. Ba6 Rc7 39. Rd6 g6 40. Rxb6 Kg7 41. Kg2 h5 42. Bb5 Re7 43. Bc4 Rc7 44. Bb3 Rd7 45. Kf3 Rd3+ 46. Kf2 Rd7 47. Ke3 Re7+ 48. Kf4 Rd7 49. Rb5 Rd4+ 50. Ke3 Rd7 51. Bd5 Ra7 52. Ke4 Ra4+ 53. Kf3 Ra7 54. Bb3 Rc7 55. Kf4 Rd7 56. Bd5 Rd8 57. Ke5 Re8+ 58. Kd4 Re7 59. Rb3 Kf6 60. Rf3+ Kg7 61. Kc5 Ra7 62. Kd6 Ra6+ 63. Ke5 Ra7 64. Rb3 Re7+ 65. Kd6 Ra7 66. Bc6 Kf6 67. Kd5 Kg5 68. Ke4 Ra6 69. Bd5 f6 70. Kf3 f5 71. Rc3 Ra4 72. Rc4 Rxc4 73. Bxc4 h4 74. gxh4+ Kxh4 1/2-1/2

[Event "Caplin Hastings Masters 2023-24"]
[Site "Hastings"]
[Date "2024.01.01"]
[Round "5.24"]
[White "Rami, Talab"]
[Black "Bai, Xue"]
[Result "1/2-1/2"]
[ECO "C54"]
[WhiteElo "1947"]
[BlackElo "2099"]
[Annotator "RC"]
[PlyCount "132"]
[EventDate "2023.12.18"]
[EventType "swiss"]
[EventCountry "ENG"]
[SourceTitle "playchess.com"]
[Source "ChessBase"]
[SourceQuality "1"]
[TimeControl "40/6000+30:3000+30"]

1. e4 e5 2. Nf3 Nc6 3. Bc4 Bc5 4. c3 Nf6 5. d3 d6 6. Nbd2 a6 7. Bb3 b5 8. h3 Bb6 9. Nf1 Na5 10. Bc2 c5 11. Ng3 Nc6 12. O-O O-O 13. Qe2 h6 14. Rd1 Re8 15. Nh4 Be6 16. Ngf5 Kh7 17. Qf3 Ng8 18. Qg3 g6 19. Ne3 Nf6 20. Qf3 Rc8 21. Bb3 Qe7 22. Bd2 a5 23. Rac1 a4 24. Bd5 Nd8 25. Bxe6 Qxe6 26. c4 Nc6 27. Rf1 Bd8 28. Nd5 bxc4 29. dxc4 Nd4 30. Qe3 Nxe4 31. Qxe4 f5 32. Nxf5 gxf5 33. Qe3 Bg5 34. f4 Bxf4 35. Nxf4 exf4 36. Qxe6 Rxe6 37. Rce1 Ne2+ 38. Kh2 Re4 39. b3 a3 40. Rf2 Rce8 41. Bc1 Nxc1 42. Rxc1 Re2 43. Rc2 R2e4 44. Rfd2 R8e6 45. Kg1 Kg6 46. Kf2 Kf6 47. Rd3 Re3 48. Rd5 Kg5 49. Rcd2 Rc3 50. R5d3 Rc1 51. Rd1 Rxd1 52. Rxd1 h5 53. Rd3 h4 54. Rf3 d5 55. cxd5 Rd6 56. Rd3 Kf6 57. Kf3 Ke5 58. Rd2 Rxd5 59. Rxd5+ Kxd5 60. Kxf4 Kd4 61. Kxf5 Kc3 62. Ke4 Kb2 63. Kd3 Ka1 64. Kc3 Kxa2 65. Kc2 Ka1 66. Kc1 Ka2 1/2-1/2

[Event "Caplin Hastings Masters 2023-24"]
[Site "Hastings"]
[Date "2024.01.01"]
[Round "5.25"]
[White "Sivanandan, Bodhana"]
[Black "Brown, Thomas"]
[Result "0-1"]
[ECO "B08"]
[WhiteElo "1857"]
[BlackElo "2095"]
[Annotator "RC"]
[PlyCount "170"]
[EventDate "2023.12.18"]
[EventType "swiss"]
[EventCountry "ENG"]
[SourceTitle "playchess.com"]
[Source "ChessBase"]
[SourceQuality "1"]
[TimeControl "40/6000+30:3000+30"]

1. e4 g6 2. d4 Bg7 3. Nc3 c6 4. Nf3 d6 5. Bg5 Nf6 6. Qd2 O-O 7. Bd3 Qc7 8. Bh6 e5 9. Bxg7 Kxg7 10. h4 h5 11. dxe5 dxe5 12. Ng5 Nbd7 13. O-O-O Nc5 14. Rhf1 b5 15. f4 Bg4 16. fxe5 Qxe5 17. Nf3 Bxf3 18. gxf3 Rad8 19. f4 Qd4 20. e5 Ng4 21. Ne2 Nxd3+ 22. cxd3 Qc5+ 23. Kb1 Ne3 24. d4 Nxf1 25. Rxf1 Qd5 26. Qe3 f6 27. e6 Qf5+ 28. Ka1 Rfe8 29. d5 Qxd5 30. Qxa7+ Kh6 31. Nc3 Qxe6 32. f5 Qe7 33. Qf2 b4 34. Nb1 Ra8 35. Qg3 Qf7 36. b3 Rg8 37. Qf4+ Kh7 38. fxg6+ Qxg6 39. Qxb4 f5 40. Qd4 Rgd8 41. Qb2 Rf8 42. Rf4 Qd6 43. Rd4 Qf6 44. Rf4 Rae8 45. Qxf6 Rxf6 46. Nc3 Re5 47. Kb2 Rg6 48. Rc4 Rf6 49. Rf4 Kg6 50. a4 Rd6 51. b4 Kf6 52. a5 Re8 53. Kb3 Ke5 54. Rf1 Rdd8 55. a6 f4 56. Na4 Ke4 57. a7 f3 58. Kc4 Ke3 59. Kc5 Ke2 60. Rb1 Ra8 61. Ra1 f2 62. Kb6 f1=Q 63. Rxf1 Kxf1 64. Nc5 Kg2 65. Na6 Rec8 66. Nc7 Rxc7 67. Kxc7 Rxa7+ 68. Kxc6 Kg3 69. b5 Kxh4 70. b6 Ra6 71. Kb5 Rxb6+ 72. Kxb6 Kg3 73. Kc5 h4 74. Kd4 h3 75. Ke4 h2 76. Ke5 h1=Q 77. Kd4 Kf4 78. Kc4 Ke4 79. Kc5 Qd1 80. Kc6 Qd5+ 81. Kb6 Kd4 82. Kc7 Kc5 83. Kb8 Qd7 84. Ka8 Kb6 85. Kb8 Qd8# 0-1

[Event "Caplin Hastings Masters 2023-24"]
[Site "Hastings"]
[Date "2024.01.01"]
[Round "5.26"]
[White "Larkin, Benjamin"]
[Black "Gimenez Menchon, Cesar"]
[Result "0-1"]
[ECO "C41"]
[WhiteElo "1814"]
[BlackElo "2088"]
[Annotator "RC"]
[PlyCount "110"]
[EventDate "2023.12.18"]
[EventType "swiss"]
[EventCountry "ENG"]
[SourceTitle "playchess.com"]
[Source "ChessBase"]
[SourceQuality "1"]
[TimeControl "40/6000+30:3000+30"]

1. e4 d6 2. d4 Nf6 3. Nc3 e5 4. Nf3 Nbd7 5. Bc4 Be7 6. O-O O-O 7. Re1 c6 8. a4 h6 9. h3 Re8 10. a5 Qc7 11. Be3 exd4 12. Nxd4 Bf8 13. Bf4 Rb8 14. Bg3 b5 15. axb6 axb6 16. b4 b5 17. Bb3 Ne5 18. Kh1 Bb7 19. f4 Ng6 20. e5 dxe5 21. fxe5 Nxe5 22. Ne6 fxe6 23. Bxe5 Qc8 24. Bxb8 Qxb8 25. Rxe6 Rxe6 26. Bxe6+ Kh8 27. Qd4 Nh5 28. Rd1 c5 29. Qf2 Ng3+ 30. Kg1 cxb4 31. Rd3 Bd6 32. Nxb5 Ne4 33. Qf7 Bc5+ 34. Nd4 Ng5 35. Qf5 Qd6 36. Kh1 Be4 37. Nb5 Bxf5 38. Rxd6 Nxe6 39. Rc6 Be7 40. Nd6 Nd4 41. Rc4 Bxd6 42. Rxd4 Be7 43. Rd2 Bf6 44. Kg1 Kg8 45. Kf2 Kf7 46. Re2 Bc3 47. g4 Be6 48. Kg3 Ke7 49. Kf4 Kd6 50. Ke4 Kc5 51. Rf2 Bg8 52. Kf5 Bh7+ 53. Ke6 Kc4 54. Rf4+ Bd4 55. h4 Bxc2 0-1

[Event "Caplin Hastings Masters 2023-24"]
[Site "Hastings"]
[Date "2024.01.01"]
[Round "5.27"]
[White "Lahlum, Hans Olav"]
[Black "Lishoy Gengis Paratazham, Dildarav"]
[Result "1/2-1/2"]
[ECO "A53"]
[WhiteElo "2037"]
[BlackElo "1743"]
[Annotator "NA RC"]
[PlyCount "41"]
[EventDate "2023.12.18"]
[EventType "swiss"]
[EventCountry "ENG"]
[SourceTitle "playchess.com"]
[Source "ChessBase"]
[SourceQuality "1"]
[TimeControl "40/6000+30:3000+30"]

1. d4 Nf6 2. c4 d6 3. Nc3 e5 4. d5 Bf5 5. g3 Nbd7 6. Bg2 Be7 7. e4 Bg6 8. Nge2 a5 9. O-O O-O 10. Qc2 c6 11. h3 Qc7 12. f4 exf4 13. gxf4 cxd5 14. f5 Bh5 15. Nxd5 Nxd5 16. exd5 Bxe2 17. Qxe2 Bf6 18. Bf4 Ne5 19. Rac1 Rfe8 20. Qc2 Rac8 21. Bxe5 1/2-1/2

[Event "Caplin Hastings Masters 2023-24"]
[Site "Hastings"]
[Date "2024.01.01"]
[Round "5.28"]
[White "Verbytski, Oleg"]
[Black "Rayner, Francis"]
[Result "1/2-1/2"]
[ECO "B43"]
[WhiteElo "1771"]
[BlackElo "2035"]
[Annotator "NA RC"]
[PlyCount "51"]
[EventDate "2023.12.18"]
[EventType "swiss"]
[EventCountry "ENG"]
[SourceTitle "playchess.com"]
[Source "ChessBase"]
[SourceQuality "1"]
[TimeControl "40/6000+30:3000+30"]

1. e4 c5 2. Nf3 e6 3. d4 cxd4 4. Nxd4 a6 5. Nc3 Qc7 6. a3 b5 7. Bd3 Bb7 8. O-O Nf6 9. Re1 Bc5 10. Be3 O-O 11. Nb3 Bd6 12. h3 Be5 13. Bd4 Nc6 14. Bxe5 Nxe5 15. Qe2 Rac8 16. Rad1 Rfd8 17. Qe3 d6 18. Be2 d5 19. exd5 Nxd5 20. Nxd5 Bxd5 21. Nd4 Nc4 22. Bxc4 Qxc4 23. Qe2 Qc5 24. c3 Bc4 25. Qe3 h6 26. Nc2 1/2-1/2

[Event "Caplin Hastings Masters 2023-24"]
[Site "Hastings"]
[Date "2024.01.01"]
[Round "5.29"]
[White "Blades, Kit"]
[Black "White, Stuart A"]
[Result "0-1"]
[ECO "B22"]
[WhiteElo "1771"]
[BlackElo "2014"]
[Annotator "NA RC"]
[PlyCount "64"]
[EventDate "2023.12.18"]
[EventType "swiss"]
[EventCountry "ENG"]
[SourceTitle "playchess.com"]
[Source "ChessBase"]
[SourceQuality "1"]
[TimeControl "40/6000+30:3000+30"]

1. e4 c5 2. c3 Nf6 3. e5 Nd5 4. d4 cxd4 5. Nf3 d6 6. cxd4 Nc6 7. Bc4 dxe5 8. dxe5 Be6 9. Qe2 g6 10. O-O Bg7 11. Rd1 Qa5 12. Bd2 Qc7 13. Nc3 Rd8 14. Nxd5 Bxd5 15. Bxd5 Rxd5 16. Bc3 Rxd1+ 17. Rxd1 e6 18. h4 O-O 19. Qe4 Rd8 20. Rxd8+ Qxd8 21. g3 Qd5 22. Qxd5 exd5 23. Kf1 Kf8 24. Ke2 Ke7 25. Ke3 h6 26. Kf4 Ke6 27. Nd4+ Nxd4 28. Bxd4 Bxe5+ 29. Bxe5 g5+ 30. Ke3 Kxe5 31. h5 d4+ 32. Kd3 g4 0-1

[Event "Caplin Hastings Masters 2023-24"]
[Site "Hastings"]
[Date "2024.01.01"]
[Round "5.30"]
[White "Thompson, Ian D"]
[Black "Han, Qixiang"]
[Result "0-1"]
[ECO "A37"]
[WhiteElo "2011"]
[BlackElo "1711"]
[Annotator "NA RC"]
[PlyCount "70"]
[EventDate "2023.12.18"]
[EventType "swiss"]
[EventCountry "ENG"]
[SourceTitle "playchess.com"]
[Source "ChessBase"]
[SourceQuality "1"]
[TimeControl "40/6000+30:3000+30"]

1. Nf3 c5 2. c4 g6 3. Nc3 Bg7 4. g3 Nc6 5. Bg2 d6 6. a3 a5 7. d3 e5 8. O-O Nge7 9. Rb1 O-O 10. Ne1 Be6 11. Nc2 Rb8 12. Ne3 f5 13. Bd2 Nd4 14. b4 b6 15. Ned5 Ndc6 16. bxa5 bxa5 17. Rxb8 Qxb8 18. Qa4 Bxd5 19. Nxd5 Qc8 20. Nxe7+ Nxe7 21. Qxa5 f4 22. Qb6 Nf5 23. a4 Nd4 24. Re1 fxg3 25. hxg3 Qg4 26. Bd5+ Kh8 27. Kg2 Nxe2 28. Qxd6 Nd4 29. Qxc5 Rf5 30. Be3 Bf8 31. Qa7 Nc2 32. Rb1 Qe2 33. Rb7 Rh5 34. Rf7 Ne1+ 35. Kg1 Nf3+ 0-1

[Event "Caplin Hastings Masters 2023-24"]
[Site "Hastings"]
[Date "2024.01.01"]
[Round "5.31"]
[White "Evenshaug, Amadeus Hestvik"]
[Black "Alcindor, Samuel"]
[Result "1-0"]
[ECO "B15"]
[WhiteElo "2041"]
[BlackElo "1714"]
[Annotator "RC"]
[PlyCount "81"]
[EventDate "2023.12.18"]
[EventType "swiss"]
[EventCountry "ENG"]
[SourceTitle "playchess.com"]
[Source "ChessBase"]
[SourceQuality "1"]
[TimeControl "40/6000+30:3000+30"]

1. e4 c6 2. d4 d5 3. Nc3 dxe4 4. Nxe4 Nf6 5. Nxf6+ exf6 6. Be3 Be6 7. Bd3 Bd6 8. Ne2 O-O 9. c3 Nd7 10. Qc2 g6 11. h4 c5 12. h5 f5 13. Qd2 c4 14. Bc2 Nf6 15. Bg5 Be7 16. O-O-O Qa5 17. Qf4 Nd5 18. Qh4 Bxg5+ 19. Qxg5 f6 20. Qg3 g5 21. Qd6 Qb6 22. Qxb6 Nxb6 23. Ng3 f4 24. Nf5 Rfe8 25. Nd6 Re7 26. Rhe1 Kf8 27. Bf5 Bg8 28. Rxe7 Kxe7 29. Ne4 h6 30. Re1 Be6 31. Nc5 Kf7 32. Bg6+ Ke7 33. Rxe6+ Kf8 34. Rxf6+ Ke7 35. Rf7+ Kd6 36. a4 a5 37. Rxb7 Nd5 38. Rd7+ Kc6 39. Be4 Re8 40. Bxd5+ Kb6 41. Rb7# 1-0

[Event "Caplin Hastings Masters 2023-24"]
[Site "Hastings"]
[Date "2024.01.01"]
[Round "5.32"]
[White "Ismail, Mohammed Aayan"]
[Black "Norinkeviciute, Rasa"]
[Result "1-0"]
[ECO "E14"]
[WhiteElo "2115"]
[BlackElo "1905"]
[Annotator "RC"]
[PlyCount "39"]
[EventDate "2023.12.18"]
[EventType "swiss"]
[EventCountry "ENG"]
[SourceTitle "playchess.com"]
[Source "ChessBase"]
[SourceQuality "1"]
[TimeControl "40/6000+30:3000+30"]

1. d4 Nf6 2. Nf3 e6 3. e3 b6 4. Bd3 Bb7 5. O-O c5 6. c4 cxd4 7. exd4 Be7 8. Nc3 O-O 9. d5 d6 10. dxe6 fxe6 11. Ng5 Qd7 12. Re1 Qc6 13. Nce4 d5 14. Nxf6+ Rxf6 15. Qh5 h6 16. Rxe6 Qd7 17. Bf5 Rxf5 18. Rxh6 gxh6 19. Qg6+ Kf8 20. Nh7# 1-0

[Event "Caplin Hastings Masters 2023-24"]
[Site "Hastings"]
[Date "2024.01.01"]
[Round "5.33"]
[White "Liu, Tianyi"]
[Black "Gibbs, Dominic V"]
[Result "1-0"]
[ECO "C18"]
[WhiteElo "2022"]
[BlackElo "1795"]
[Annotator "RC"]
[PlyCount "97"]
[EventDate "2023.12.18"]
[EventType "swiss"]
[EventCountry "ENG"]
[SourceTitle "playchess.com"]
[Source "ChessBase"]
[SourceQuality "1"]
[TimeControl "40/6000+30:3000+30"]

1. e4 e6 2. d4 d5 3. Nc3 Bb4 4. e5 c5 5. a3 Bxc3+ 6. bxc3 Qa5 7. Bd2 Qa4 8. h4 Ne7 9. Qg4 Kf8 10. Rh3 c4 11. h5 h6 12. Kd1 Nbc6 13. Qf4 Bd7 14. g4 Ke8 15. Rf3 Nd8 16. Ne2 Bc6 17. g5 hxg5 18. Qg4 Qb5 19. Kc1 Qb6 20. Bxg5 Qc7 21. Ng3 Ba4 22. Bxe7 Qxe7 23. Qxg7 Qf8 24. Qg4 Rc8 25. Rf6 Rc6 26. Qf4 Ra6 27. Kd1 Bb5 28. Qc1 Ba4 29. Be2 Qg8 30. Ke1 Qh7 31. Bd1 Qg8 32. Kf1 Nc6 33. Rb1 b5 34. Qf4 Nd8 35. Rh6 Qf8 36. Rxh8 Qxh8 37. Qg5 Nc6 38. h6 Kf8 39. Nh5 Rb6 40. Nf6 Rb7 41. h7 Qg7 42. Qh4 Qh8 43. Rc1 Rc7 44. Bf3 Rc8 45. Ke2 Ke7 46. Nxd5+ Kd7 47. Nf6+ Kc7 48. Bxc6 Kxc6 49. Qe4+ 1-0

[Event "Caplin Hastings Masters 2023-24"]
[Site "Hastings"]
[Date "2024.01.01"]
[Round "5.34"]
[White "Park, Inchan"]
[Black "Kovalskyi, Roman"]
[Result "1-0"]
[ECO "A14"]
[WhiteElo "1768"]
[BlackElo "2009"]
[Annotator "RC"]
[PlyCount "91"]
[EventDate "2023.12.18"]
[EventType "swiss"]
[EventCountry "ENG"]
[SourceTitle "playchess.com"]
[Source "ChessBase"]
[SourceQuality "1"]
[TimeControl "40/6000+30:3000+30"]

1. d4 d5 2. Nf3 Nf6 3. g3 c5 4. Bg2 Nc6 5. O-O e6 6. b3 Be7 7. Bb2 O-O 8. c4 b6 9. Nbd2 Bb7 10. e3 Rc8 11. Qe2 Qc7 12. Rac1 Ba6 13. Ne5 Na5 14. Rfd1 Qb8 15. Qe1 Rfd8 16. cxd5 exd5 17. Ndf3 c4 18. Bc3 Ba3 19. Rb1 Nb7 20. bxc4 dxc4 21. Ng5 h6 22. Nh3 Nd5 23. e4 Nxc3 24. Qxc3 Qd6 25. Nf3 b5 26. e5 Qf8 27. Nh4 b4 28. Qc2 c3 29. Be4 Qe8 30. Nf5 Rc7 31. Nf4 Bb5 32. Nh5 Ba4 33. Rb3 Na5 34. Nfxg7 Qb5 35. Bh7+ Kh8 36. Bd3 Qb6 37. Nf5 Qe6 38. Nf6 Nxb3 39. Qe2 Rg8 40. Qh5 Rg6 41. Nxh6 Kg7 42. Nf5+ Qxf5 43. Bxf5 Nd2 44. Qh7+ Kf8 45. Qh8+ Ke7 46. Nd5# 1-0

[Event "Caplin Hastings Masters 2023-24"]
[Site "Hastings"]
[Date "2024.01.01"]
[Round "5.35"]
[White "Steiners, Emils"]
[Black "Patel, Zain"]
[Result "1-0"]
[ECO "E49"]
[WhiteElo "1993"]
[BlackElo "1841"]
[Annotator "RC"]
[PlyCount "93"]
[EventDate "2023.12.18"]
[EventType "swiss"]
[EventCountry "ENG"]
[SourceTitle "playchess.com"]
[Source "ChessBase"]
[SourceQuality "1"]
[TimeControl "40/6000+30:3000+30"]

1. d4 Nf6 2. c4 e6 3. Nc3 Bb4 4. e3 O-O 5. Bd3 d5 6. a3 Bxc3+ 7. bxc3 dxc4 8. Bxc4 c5 9. Ne2 Qc7 10. Bd3 Nc6 11. O-O e5 12. Bb2 Be6 13. Rc1 Na5 14. e4 Bb3 15. Qe1 Bc4 16. Qd1 Qb6 17. Rb1 Qa6 18. Bxc4 Nxc4 19. Ng3 Rfd8 20. d5 Nxb2 21. Rxb2 Qxa3 22. Rxb7 Qxc3 23. Qa1 Qxa1 24. Rxa1 c4 25. f3 c3 26. Nf5 g6 27. Ne7+ Kf8 28. Nc6 Rd7 29. Rb3 Nh5 30. Nxe5 Rc7 31. Nc6 Nf4 32. g3 Ne6 33. Rxc3 Nd4 34. Kf2 Nxc6 35. dxc6 Ke7 36. Ra6 Rb8 37. Ke3 Kd6 38. Rd3+ Ke7 39. Rc3 Kd6 40. Rd3+ Ke6 41. Rd7 Rb3+ 42. Kf4 Rxc6 43. Raxa7 Rc2 44. Re7+ Kd6 45. Rad7+ Kc6 46. Rc7+ Kd6 47. e5+ 1-0